 Dungeon Crawl Stone Soup version 0.31-a0-564-g3b7de120b3 (webtiles) character file.

Game seed: 6077444941724890432

843 heikuro the Shield-Bearer (level 8, -1/58 (62) HPs)
             Began as a Formicid Fighter on Aug 18, 2023.
             Was a Priest of Qazlal.
             Slain by a wight
             ... wielding a +3 hand axe
              (4 damage)
             ... on level 4 of the Dungeon.
             The game lasted 00:07:58 (3190 turns).

heikuro the Shield-Bearer (Formicid Fighter)        Turns: 3190, Time: 00:07:58

HP:   -1/58 (62)    AC:  9    Str: 24    XL:     8   Next: 20%
MP:   8/8           EV:  8    Int:  7    God:    Qazlal [***...]
Gold: 234           SH: 10    Dex: 16    Spells: 7/7 levels left

rFire   . . .        n - +7 mace of Brawling {venom, rPois Dex+3}
rCold   . . .        c - +0 buckler
rNeg    . . .        l - +0 chain mail
rPois   +            (helmet unavailable)
rElec   .            (no cloak)
rCorr   .            (no gloves)
SInv    +            (no boots)
Will    +....        (no amulet) Stlth
                     j - ring of willpower
HPRegen 0.29/turn    (no ring)
MPRegen 0.11/turn

%: no passive effects
@: drained
A: permanent stasis, dig shafts and tunnels, antennae 3, four strong arms
a: Dig, Shaft Self, Renounce Religion, Upheaval, Elemental Force


You were on level 4 of the Dungeon.
You worshipped Qazlal.
Qazlal was most pleased with you.
You visited 1 branch of the dungeon, and saw 4 of its levels.

You collected 234 gold pieces.

Inventory:

Hand Weapons
 a - a +0 war axe
 n - the +7 mace of Brawling (weapon) {venom, rPois Dex+3}
   (You found it on level 2 of the Dungeon)

   Dex+3:     It affects your dexterity (+3).
   rPois:     It protects you from poison
Missiles
 s - 5 poisoned darts
Armour
 c - a +0 buckler (worn)
 l - a +0 chain mail (worn)
Jewellery
 j - a ring of willpower (left hand)
Scrolls
 e - a scroll of enchant armour {unknown}
 f - a scroll of torment {unknown}
 h - 5 scrolls of identify {unknown}
 k - a scroll of noise {unknown}
 o - a scroll of vulnerability {unknown}
 p - a scroll of poison {unknown}
 r - a scroll of blinking {unknown}
Potions
 b - 2 potions of curing {unknown}
 d - 2 potions of might
 g - a potion of magic {unknown}
 i - 2 potions of heal wounds {unknown}
 m - 4 potions of ambrosia
 q - a potion of degeneration {unknown}


   Skills:
 + Level 5.3 Fighting
 * Level 5.8 Axes
 + Level 5.3 Armour
 + Level 6.4 Shields


You had 7 spell levels left.
You didn't know any spells.
Your spell library contained the following spells:

 Spells                   Type           Power      Damage    Failure   Level
 Freeze                   Ice            0%         1d3       96%         1
 Wereblood                Tmut           0%         N/A       99%         2
 Frozen Ramparts          Ice            0%         1d1       100%        3
 Hailstorm                Conj/Ice       0%         3d3       100%        3
 Irradiate                Conj/Tmut      0%         3d11      100%        5


Dungeon Overview and Level Annotations

Branches:
Dungeon (4/15)
 Temple: D:4-7

Altars:
Qazlal

Shops:
D:2 =

Annotations:
D:3 exclusion: 4 doors


Innate Abilities, Weirdness & Mutations

You cannot be hasted, slowed, berserked, paralysed or teleported.
You can dig through walls and to a lower floor.
You have a pair of large antennae on your head. (SInv)
Your four strong arms can wield two-handed weapons with a shield.


Message History

A hobgoblin comes into view.
The endoplasm freezes you.
You are frozen.
You hit the endoplasm.
You kill the endoplasm!
Qazlal accepts your kill.
The hobgoblin throws a stone.
You block the stone. The wight hits you but does no damage.
You sock the wight!
The wight is severely damaged.
The wight hits you with a +0 mace!
You feel drained.
Unknown command.
You hit the wight but do no damage.
The wight is severely damaged.
The wight hits you with a +0 halberd.
You feel drained.
You block the wight's attack. x2; The wight barely misses you.
You block the wight's attack. The wight hits you but does no damage.
You hit the wight.
The wight is almost destroyed.
The wight hits you with a +0 halberd.
You feel drained. The wight completely misses you. The wight barely misses you.
You are too injured to fight recklessly!
You are too injured to fight recklessly!
You sock the wight!
You destroy the wight!
Qazlal accepts your kill. You block the wight's attack.
The hobgoblin barely misses you. The wight hits you with a +3 hand axe!
* * * LOW HITPOINT WARNING * * *
Unknown command.
You sock the wight!
The wight is almost destroyed.
The hobgoblin barely misses you. The wight hits you with a +0 mace!
* * * LOW HITPOINT WARNING * * *
You feel drained.
* * * LOW HITPOINT WARNING * * *
You block the wight's attack.
The hobgoblin hits you but does no damage.
The wight hits you but does no damage. The wight hits you with a +3 hand axe.
You die...

##.#### #........#
.....# ##........# #.#.#
..........# #...#
#........# ####...
#......!.# #...#..
##........# #...#.#
......☼zz# #..†#.#
......°@.# #...#'#
......g.○#########......
........))..............
#######.^...............
#.........[...##.#
#.............##.#
################.# #.#
#.#


You could see 2 wights and a hobgoblin.

Vanquished Creatures
  An ogre (D:3)
  3 wights (D:4)
  4 howler monkeys (D:3)
  2 hounds (D:3)
  An orc priest (D:3)
  An iguana (D:4)
  19 gnolls
  3 adders
  An ufetubus (D:4)
  3 worms
  A dart slug (D:1)
  17 orcs (D:3)
  8 endoplasms
  2 giant cockroaches
  3 goblins
  3 hobgoblins
  12 jackals (D:3)
  5 quokkas
  4 ball pythons
  8 bats
  9 frilled lizards
  2 kobolds (D:2)
  2 rats (D:1)
114 creatures vanquished.

Notes
Turn   | Place    | Note
-------+----------+-------------------------------------------
     0 | D:1      | heikuro the Formicid Fighter began the quest for the Orb.
     0 | D:1      | Reached XP level 1. HP: 18/18 MP: 1/1
    20 | D:1      | Reached XP level 2. HP: 12/24 MP: 2/2
   218 | D:1      | Found a faded altar of an unknown god.
   231 | D:1      | Prayed at the altar of an unknown god.
   231 | D:1      | Became a worshipper of Qazlal Stormbringer
   231 | D:1      | Reached * piety under Qazlal
   506 | D:1      | Reached XP level 3. HP: 23/29 MP: 3/3
   892 | D:2      | Identified the +7 mace of Brawling {venom, rPois Dex+3}
   976 | D:2      | Found Erremipaocs's Jewellery Shop.
  1199 | D:2      | Reached XP level 4. HP: 35/37 MP: 4/4
  1405 | D:2      | Reached ** piety under Qazlal
  1659 | D:3      | Reached XP level 5. HP: 42/42 MP: 5/5
  2390 | D:3      | Reached skill level 5 in Shields
  2395 | D:3      | Reached XP level 6. HP: 42/48 MP: 6/6
  2451 | D:3      | Reached XP level 7. HP: 49/55 MP: 7/7
  2511 | D:3      | Reached *** piety under Qazlal
  2571 | D:3      | Reached skill level 5 in Axes
  2854 | D:3      | Reached skill level 5 in Fighting
  2854 | D:3      | Reached skill level 5 in Armour
  2854 | D:3      | Reached skill level 6 in Shields
  3175 | D:4      | Reached XP level 8. HP: 48/62 MP: 8/8
  3190 | D:4      | Slain by a wight

Illustrated notes

Levels and vault maps discovered:
D:1:      minmay_arrival_jagged, layout_rooms,
          hellmonk_ecumenical_altar_zigzags, st_stairs_12
D:2:      layout_loops_corners, serial_shops, shop, kennysheep_generic_room_16
D:3:      lemuel_castle_with_subvaults [lemuel_castle_interior_carwin_2],
          layout_basic
D:4:      layout_basic, kennysheep_little_box

Skill      XL: |  1  2  3  4  5  6  7 |
---------------+----------------------+-----
Axes           | 3 4 5 |  5.8
Fighting       | 4 5 |  5.3
Armour         | 4 5 |  5.3
Shields        | 5 6 |  6.4

Action                     |  1- 3 |  4- 6 |  7- 9 || total
---------------------------+-------+-------+-------++-------
  Melee: War axe           |    69 |       |       ||    69
         Mace              |    20 |    98 |    83 ||   201
Ability: Shaft Self        |       |       |     1 ||     1
    Use: Scroll            |     1 |       |       ||     1
 Armour: Scale mail        |    39 |       |       ||    39
         Chain mail        |     9 |    45 |    24 ||    78
  Dodge: Dodged            |    36 |    35 |    28 ||    99
  Block: Buckler           |    31 |    48 |    44 ||   123

Table legend: (Time is in decaauts)
 A = Elapsed time spent in this place.
 B = Non-inter-level travel time spent in this place.
 C = Inter-level travel time spent in this place.
 D = Time resting spent in this place.
 E = Time spent auto-exploring this place.
 F = Levels seen in this place.
 G = Mean time per level.
                   A        B        C        D        E       F      G
               +--------+--------+--------+--------+--------+-----+--------+
         Total |   3281 |   3196 |     85 |     71 |   2181 |   4 |  820.2 |
       Dungeon |   3281 |   3196 |     85 |     71 |   2181 |   4 |  820.2 |
               +--------+--------+--------+--------+--------+-----+--------+

Top non-repeatable levels by time:
     D:3: 1282 daAuts
     D:2: 947 daAuts
     D:1: 751 daAuts
     D:4: 299 daAuts
